cohdb
Replays
Latest Replays
All Replays
Popular Replays
Top Player Replays
Match Explorer
How It Works
Community
CoH3 Stats
Reddit
Sign in to upload your games and track your stats! →
Sign in with Steam
Match 47258427
Unlisted
Match 47258427
Overview
Messages
Build Orders
End
Pioneer Squad
Construct Infanterie Kompanie
MG 42 Machine Gun Team
Grenadier Squad
Grenadier Squad
MG 42 Machine Gun Team
Construct Luftwaffe Kompanie
Construct Luftwaffe Kompanie
221 Scout Car
Selects Terror Battlegroup
Selects Heavy Gunnery
221 Scout Car
Selects Defend the Fatherland
Flak 30 Anti-aircraft Gun Team
Boneless
Victor #52
Arwootarch
CannonFodder
勇敢的少先队员
iPlayThisNaked
고구마줄거리
TUCO
0
0
Comments
sign in to comment!
No comments posted yet!